Unix NetHack Version 5.0.0-0 post-release - last build Jun 10 2026 00:39:30 (3ee93aec679c4c4259841fe613dc97188e26a321,branch:main).

Game began 2026-06-23 15:04:41, ended 2026-06-23 15:34:04.

GdeVolpiano, neutral female human Archeologist

                                         ------------
                                         |..........|
                                         ...........|
                         -----------     |.<...)....|
                        #..........|     -.----------
                      ###|..(.......    ####
                      #  |...>.....|     #
                      #  ---|-.-----     #
                      #     #           ###
         ----------- ##     #            #
         |())*(=?).|##      ##           #
         |)"+[()?(.|#        #           #
         |/)?%/(?d.|#        #           #
         |?)?!)[.@.|#        #           #
         |%/%!)?*m.-#     ---|-----+-----#
         |*..=.=)m@|      |.............|#
         -----------      |..............#
                          |.............|
                          ---------------

GdeVolpiano the Field Worker  St:14 Dx:14 Co:13 In:14 Wi:16 Ch:9  Neutral
Dlvl:3  $:96 HP:0(36) Pw:16(16) AC:9  Xp:4 T:2561 

Latest messages:
 Indy drops a silver arrow.
 You lash the large mimic.
 You miss the large mimic.
 You miss the large mimic.
 The small mimic hits!
 You lash the large mimic.
 You lash the large mimic.
 You lash the large mimic.
 You miss the large mimic.
 You lash the large mimic.
 You miss the large mimic.
 Indy picks up a spellbook called lvl6.
 The small mimic hits!
 You miss the large mimic.
 The large mimic hits!
 You lash the large mimic.
 You lash the large mimic.
 The small mimic hits!
 Indy drops a spellbook called lvl6.
 You miss the large mimic.
 You lash the large mimic.
 The small mimic hits!
 #
 Are you sure you want to pray? [yn] (n)
 You begin praying to Camaxtli.
 You are surrounded by a shimmering light.
 The small mimic starts to attack you, but pulls back.
 You finish your prayer.
 You feel that Camaxtli is well-pleased.
 You feel much better.
 You cannot escape from the large mimic!
 You lash the large mimic.
 You miss the large mimic.
 Indy picks up a spellbook called lvl6.
 You lash the large mimic.
 The large mimic hits!
 The small mimic hits!
 You miss the large mimic.
 The small mimic hits!
 You miss the large mimic.
 You miss the large mimic.
 You lash the large mimic.
 The large mimic hits!
 You miss the large mimic.
 You lash the large mimic.
 The large mimic hits!
 You die...
 Kinojevis gratefully inherits all your possessions.
 Do you want to see what you had when you died? [ynq] (y)
 Do you want to see your attributes? [ynq] (y)

Inventory:
 Coins    ('$')
  $ - 96 gold pieces
 Weapons  (')')
  a - a +2 bullwhip (weapon in right hand)
  R - a blessed +0 long sword
  M - a +0 silver saber (alternate weapon; not wielded)
 Armor    ('[')
  c - an uncursed +0 fedora (being worn)
  b - an uncursed +0 leather jacket (being worn)
  S - an uncursed +0 leather jacket
 Comestibles  ('%')
  d - 2 uncursed food rations
 Scrolls  ('?')
  D - an uncursed scroll of amnesia
  C - an uncursed scroll of create monster
  B - an uncursed scroll of fire
  O - a blessed scroll of light
  o - 2 uncursed scrolls of light
  X - an uncursed scroll of scare monster
 Spellbooks  ('+')
  P - an uncursed spellbook of detect monsters
  p - an uncursed spellbook of haste self
 Potions  ('!')
  T - an uncursed potion of confusion
  Y - an uncursed potion of fruit juice
  q - a blessed potion of healing
  Q - an uncursed potion of paralysis
 Rings    ('=')
  V - an uncursed ring of teleport control (on right hand)
 Tools    ('(')
  h - an uncursed sack containing 1 item
  u - a cursed magic lamp
  z - a cursed oil lamp
  k - a cursed skeleton key
  x - a cursed tallow candle
  f - a tinning kit (0:72)
  t - a cursed wax candle
 Gems/Stones  ('*')
  g - an uncursed touchstone

Contents of the sack:
  a +0 pick-axe

GdeVolpiano the Archeologist's attributes:

Background:
 You were a Field Worker, a level 4 female human Archeologist.
 You were neutral, on a mission for Camaxtli
 who was opposed by Quetzalcoatl (lawful) and Huhetotl (chaotic).
 You were right-handed.
 You were in the Dungeons of Doom, on level 3.
 You entered the dungeon 2561 turns ago.
 You had 114 experience points, 46 more were needed to attain level 5.

Basics:
 You had 0 out of 36 hit points.
 You had all 16 energy points (spell power).
 Your armor class was 9.
 Your wallet contained 96 zorkmids.
 Autopickup was on, but temporarily disabled while inside the shop.

Final Characteristics:
 Your strength was 14 (limit:18/100).
 Your dexterity was 14 (limit:18).
 Your constitution was 13 (limit:18).
 Your intelligence was 14 (limit:18).
 Your wisdom was 16 (limit:18).
 Your charisma was 9 (limit:18).

Final Status:
 You were held by a large mimic (west).
 You weren't hungry.
 You were unencumbered.
 You were wielding a whip.
 You had basic skill with whip.

Final Attributes:
 You were piously aligned.
 You had automatic searching.
 You had teleport control.
 You were lucky.
 You are dead.

Miscellaneous:
 You didn't encounter any bones levels.
 Total elapsed playing time was 22 minutes and 47 seconds.

Major events:
 Turn
    1: GdeVolpiano the neutral female human Archeologist entered the dungeon
 1367: attained the rank of Field Worker (level 3)
 2561: killed by a large mimic

Spells:
 Name                 Level Category     Fail Retention
 detect monsters        1   divination     8%  76%-100%

Skills:
 Fighting Skills
   bare handed combat [Unskilled]
   two weapon combat  [Unskilled]
   riding             [Unskilled]
 Weapon Skills
   dagger             [Unskilled]
   knife              [Unskilled]
   pick-axe           [Basic]
   short sword        [Unskilled]
   saber              [Unskilled]
   club               [Unskilled]
   quarterstaff       [Unskilled]
   sling              [Unskilled]
   dart               [Unskilled]
   boomerang          [Unskilled]
   whip               [Basic]
   unicorn horn       [Unskilled]
 Spellcasting Skills
   attack spells      [Unskilled]
   healing spells     [Unskilled]
   divination spells  [Unskilled]
   matter spells      [Unskilled]

Voluntary challenges:
 Character rerolling was not enabled.
 You never genocided any monsters.
 You never polymorphed an object.
 You never changed form.
 You used no wishes.
Achievements:
 You attained the rank of Field Worker.
 You entered a shop.

 The Dungeons of Doom: levels 1 to 3
    Level 1:
    Level 2:
       A general store.
    Level 3: <- You were here.
       A general store.
       Final resting place for
          you, killed by a large mimic.


Vanquished creatures:
  a small mimic
 an orc zombie
 an iguana
 an acid blob
  a coyote
  2 hobbits
  a large kobold
  a giant rat
  a brown mold
  a yellow mold
  3 geckos
  2 jackals
  2 foxes
  3 kobolds
  3 goblins
  2 sewer rats
 10 grid bugs
  5 lichens
  a kobold zombie
  2 newts
44 creatures vanquished.

No species were genocided or became extinct.

Game over:
                       ----------
                      /          \
                     /    REST    \
                    /      IN      \
                   /     PEACE      \
                  /                  \
                  |   GdeVolpiano    |
                  |      96 Au       |
                  |   killed by a    |
                  |   large mimic    |
                  |                  |
                  |                  |
                  |       2026       |
                 *|     *  *  *      | *
        _________)/\\_//(\/(/\)/\//\/|_)_______

Goodbye GdeVolpiano the Archeologist...

You died in The Dungeons of Doom on dungeon level 3 with 643 points,
and 96 pieces of gold, after 2561 moves.
You were level 4 with a maximum of 36 hit points when you died.

